AoeStats
← Cuervo

Arabia

503319542Analyzed
4v4 RM · 1mo ago on Aug 31, 2026· 35m 45s· 8 players
Game mode
Random Map
Map size
Large (8 player)
Population
200
Speed
Normal
Resources
Standard
Victory
Conquest
Starting age
Dark Age
Ending age
Imperial Age
RankedLock teamsTeams togetherTeam positionsShared explorationLock speedFull tech treeHidden civsTurbo modeCheats
Victory
Defeat
🇨🇱 Italians · Chile
1112
+11
🇦🇷 Hindustanis · Argentina
1096
+12
🇦🇷 Koreans · Argentina
1062
+13
🇦🇷 Vikings · Argentina
985
+17
🇲🇽 Wei · Mexico
1034
-15
🇺🇸 Koreans · United States
1023
-14
🇵🇪 Franks · Peru
1006
-13
🇲🇽 Ethiopians · Mexico
963
-12
1. d4
8:39 Loom
10:25 Feudal Age
15:02 Castle Age
25:09 Fletching
27:46 Double-Bit Axe
31:38 Bodkin Arrow
[MIAAU] GM Panzer IV
8:19 Loom
12:34 Feudal Age
16:33 Castle Age
14:22 Double-Bit Axe
14:51 Horse Collar
18:10 Bow Saw
HiramSanJuan
0:29 Loom
11:53 Feudal Age
13:30 Man-at-Arms
23:04 Fletching
29:15 Castle Age
29:49 Elite Skirmisher
33:18 Double-Bit Axe
33:14 Horse Collar
jairo
6:05 Loom
11:24 Feudal Age
17:01 Castle Age
21:32 Double-Bit Axe
24:05 Husbandry
25:29 Forging
25:24 Scale Barding Armor
28:33 Wheelbarrow
28:11 Bow Saw
29:43 Hand Cart
29:14 Town Watch
29:20 Gold Mining
29:20 Stone Mining
36:16 Imperial Age
34:47 Iron Casting
34:17 Scale Barding Armor
VZ | Thyrfing
6:59 Loom
9:38 Feudal Age
13:44 Double-Bit Axe
18:27 Horse Collar
24:19 Castle Age
23:24 Gold Mining
23:51 Stone Mining
24:32 Fletching
24:43 Padded Archer Armor
34:55 Bodkin Arrow
36:40 Leather Archer Armor
Zamba
10:27 Feudal Age
10:56 Loom
15:28 Castle Age
13:17 Double-Bit Axe
13:15 Horse Collar
16:43 Scale Barding Armor
20:57 Forging
22:17 Bloodlines
23:18 Chain Barding Armor
23:40 Husbandry
24:57 Wheelbarrow
25:40 Fletching
26:58 Bodkin Arrow
28:31 Bow Saw
28:22 Heavy Plow
30:20 Iron Casting
31:51 Grand Trunk Road
32:13 Town Watch
34:31 Hand Cart
35:13 Scale Mail Armor
38:33 Imperial Age
Gitu
4:34 Loom
12:49 Feudal Age
13:16 Double-Bit Axe
13:24 Gold Mining
13:30 Man-at-Arms
14:22 Horse Collar
15:11 Forging
15:12 Arson
21:23 Castle Age
21:32 Scale Mail Armor
22:14 Bow Saw
21:34 Long Swordsman
22:00 Gambesons
26:19 Pikeman
31:21 Iron Casting
33:06 Chieftains
33:15 Squires
34:11 Chain Mail Armor
Cuervo
6:58 Loom
9:43 Feudal Age
10:16 Double-Bit Axe
12:52 Fletching
24:52 Castle Age
26:19 Bow Saw
25:34 Crossbowman
26:22 Thumb Ring
26:15 Bodkin Arrow
27:33 Wheelbarrow
26:57 Gold Mining
32:04 Hand Cart
33:22 Horse Collar
Connection lost

Rejoining the realm…

Still unreachable

The connection could not be restored.

Session expired

The server has moved on; the page needs a fresh start.